 Dungeon Crawl Stone Soup version 0.14-a0-1739-g6c2808e (webtiles) character file.

749 Mitsuki the Poker (level 7, 0/47 HPs)
             Began as a Formicid Fighter on Jan 3, 2014.
             Killed from afar by an orc wizard (10 damage)
             ... with a magic dart
             ... on Level 4 of the Dungeon.
             The game lasted 00:19:25 (3542 turns).

Mitsuki the Poker (Formicid Fighter)                Turns: 3542, Time: 00:19:25

HP   0/47        AC  8     Str 22 (23) XL: 7   Next: 86%
MP   7/7         EV  7     Int  7      God:
Gold 194         SH 19     Dex 10      Spells:  0 memorised,  6 levels left

rFire  . . .     SeeInvis +     a - +0,+1 trident
rCold  . . .     Clarity  .     b - +0 scale mail
rNeg   . . .     Conserve .     c - +0 shield
rPois  x         rCorr    .     (helmet unavailable)
rElec  .         rRot     .     (no cloak)
SustAb . .       Spirit   .     (no gloves)
rMut   .         Warding  .     (no boots)
Saprov . . .     Stasis   +     (no amulet)
                                (no ring)
                                i - ring of protection from magic

@: quite resistant to hostile enchantments, extremely unstealthy
A: permanent stasis, dig shafts and tunnels, four strong arms, poison weakness,
antennae 3, exoskeleton 1
a: Dig, Shaft Self


You were on level 4 of the Dungeon.
You were not hungry.

You visited 1 branch of the dungeon, and saw 4 of its levels.
You also visited: Sewer.

You collected 194 gold pieces.

Inventory:

Hand weapons
 a - a +0,+1 trident (weapon)
Armour
 b - a +0 scale mail (worn)
 c - a +0 shield (worn)
Magical devices
 r - a wand of lightning (3)
Comestibles
 d - 3 bread rations
 g - a choko
 u - a rotting chunk of goblin flesh
 v - 2 rotting chunks of quokka flesh
 w - 3 rotting chunks of jackal flesh
Scrolls
 f - 2 scrolls of remove curse
 j - a scroll of identify
 n - a scroll of fear
 o - a scroll of enchant weapon II
 p - 2 scrolls of amnesia
 t - a scroll of enchant armour {unknown}
Jewellery
 i - a ring of protection from magic (left hand)
 k - an uncursed ring of flight
 m - an uncursed ring of protection from cold
Potions
 e - a potion of agility {unknown}
 h - a potion of invisibility
 q - a potion of heal wounds
 s - a potion of porridge
Books
 l - a book of Changes

   Spells                             Type                      Level
   Beastly Appendage                  Transmutation                1
   Sticks to Snakes                   Transmutation                2
   Spider Form                        Transmutation/Poison         3
   Ice Form                           Ice/Transmutation            4
   Blade Hands                        Transmutation                5


   Skills:
 + Level 3.7 Fighting
 + Level 5.8 Polearms
 + Level 5.2 Armour
 + Level 0.6 Stealth
 + Level 4.3 Shields


You had 6 spell levels left.
You didn't know any spells.

Dungeon Overview and Level Annotations

Branches:
Dungeon (4/16)
 Temple: D:4-7

Altars:
Ashenzari

Portals:
Ossuary: D:4


Innate Abilities, Weirdness & Mutations

Your are under a permanent stasis effect.
You can dig through walls and to a lower floor.
Your four strong arms can wield any weapon, most with a shield.
You are susceptible to poison.
You have a pair of large antennae on your head (SInv).
Your body is surrounded by an exoskeleton. (HP +5, AC +1)


Message History

The orc wizard is moderately wounded.
The orc wizard closely misses you.
The orc priest glows brightly for a moment.
The orc wizard gestures at you while chanting.
The magic dart hits you!
The orc priest calls down the wrath of Beogh upon you.
Something smites you!
The orc priest invokes the aid of Beogh against you.
Something smites you!
* * * LOW HITPOINT WARNING * * *
The orc wizard casts a spell.
The orc wizard seems to speed up.
You smell something rotten. (slots u and v)
The orc wizard casts a spell at you. The magic dart hits you!
* * * LOW HITPOINT WARNING * * *
You hear the slow hiss of an avalanche of sand nearby.
The orc wizard points at you and mumbles some strange words.
The magic dart hits you!
You die...

#%# #...+.......%.#....<.....
#.# #...#######...#.#.###.#..
#.# #...........%.#.#.###.###
#.# ##'#.#######..#.#........
#.# #.#....?...%.#.#####(##.
#.####.##########.#.# #.#..
#....#........).%...# #.#..
####.##############.#####.#..
#.######.@..oo.#.......#..
#......#.#####.#.#######..
#......#.# #.#.# #..
#......#.# #.#.# #..
#......#.# #{#.# #.#
#........# #{#.. ..
##.....### #.#.# #......#
#o#.# ####.∩.# #.#.#


You could see an orc wizard and an orc.

Vanquished Creatures
  4 big kobolds (Sewer)
  A crimson imp (D:3)
  A giant frog skeleton (D:4)
  A hound (D:4)
  4 adders
  A green rat (Sewer)
  A worm zombie (D:4)
  3 worms
  An iguana skeleton (D:4)
  5 giant geckos
  An ooze (D:1)
  2 ball pythons
  9 bats
  11 goblins
  3 green rat zombies (Sewer)
  14 hobgoblins
  14 jackals
  3 quokkas
  5 giant cockroaches
  4 giant newts
  A green rat skeleton (Sewer)
  A grey rat skeleton (Sewer)
  5 grey rat zombies (Sewer)
  7 kobolds
  15 rats
  A rat skeleton (Sewer)
  4 rat zombies
122 creatures vanquished.

Vanquished Creatures (others)
  A rat (Sewer)
1 creature vanquished.

Grand Total: 123 creatures vanquished

Notes
Turn   | Place    | Note
--------------------------------------------------------------
     0 | D:1      | Mitsuki, the Formicid Fighter, began the quest for the Orb.
     0 | D:1      | Reached XP level 1. HP: 19/19 MP: 1/1
   153 | D:1      | Reached XP level 2. HP: 24/24 MP: 2/2
   388 | D:1      | Reached XP level 3. HP: 26/28 MP: 3/3
   791 | D:2      | Reached XP level 4. HP: 24/33 MP: 4/4
   850 | D:2      | Reached skill level 4 in Polearms
  1301 | D:3      | Found a glowing drain.
  1319 | Sewer    | Entered a sewer
  1346 | Sewer    | Noticed a big kobold necromancer
  1356 | Sewer    | Killed a big kobold necromancer
  1356 | Sewer    | Reached XP level 5. HP: 35/37 MP: 5/5
  1415 | Sewer    | Noticed a big kobold necromancer
  1456 | Sewer    | Killed a big kobold necromancer
  1456 | Sewer    | Reached skill level 5 in Polearms
  1456 | Sewer    | Reached XP level 6. HP: 38/42 MP: 6/6
  1479 | Sewer    | Noticed a big kobold necromancer
  1500 | Sewer    | Killed a big kobold necromancer
  1514 | Sewer    | Noticed a big kobold necromancer
  1559 | Sewer    | Killed a big kobold necromancer
  1559 | Sewer    | Reached XP level 7. HP: 15/46 MP: 7/7
  3085 | D:4      | Found a shattered altar of Ashenzari.
  3211 | D:4      | Reached skill level 5 in Armour
  3492 | D:4      | Found a sand-covered staircase.
  3542 | D:4      | Killed from afar by an orc wizard

Action                   |  1- 3 |  4- 6 |  7- 9 || total
-------------------------+-------+-------+-------++-------
Melee: Trident           |    84 |   201 |   196 ||   481
 Abil: Dig               |       |       |     3 ||     3
Evoke: Wand              |       |     1 |       ||     1
  Use: Scroll            |     5 |       |     7 ||    12
       Potion            |       |     1 |     4 ||     5
